 Dungeon Crawl Stone Soup version 0.29.1-15-g9cfb28693d (webtiles) character file.

Game seed: 8043361438010043033

464 croobank the Covert (level 7, 0/49 HPs)
             Began as an Octopode Delver on Mar 6, 2023.
             Slain by an ice beast (5 damage)
             ... on level 6 of the Dungeon.
             The game lasted 00:07:43 (2626 turns).

croobank the Covert (Octopode Delver)               Turns: 2626, Time: 00:07:44

Health: 0/49       AC:  1    Str: 13    XL:     7   Next: 7%
Magic:  7/7        EV: 14    Int: 13    God:
Gold:   55         SH:  0    Dex: 13    Spells: 6/6 levels left

rFire   . . .      SeeInvis .   a - +0 hand axe
rCold   . . .      Faith    .   (no shield)
rNeg    . . .      Spirit   .   (helmet restricted)
rPois   .          Reflect  .   (no amulet)
rElec   .          Harm     .   (no ring)
rCorr   .          Rampage  .   (no ring)
Will    .....                   (no ring)
Stlth   +++.......              (no ring)
HPRegen 0.16/turn               (no ring)
MPRegen 0.10/turn               (no ring)
                                (no ring)
                                (no ring)

@: confused, ambrosia-drunk
A: almost no armour, amphibious, 8 rings, camouflage 1, gelatinous body 1,
(nimble swimmer 1), tentacles
a: no special abilities


You were on level 6 of the Dungeon.
You visited 2 branches of the dungeon, and saw 3 of its levels.
You also visited: Sewer and Ossuary.

You collected 55 gold pieces.

Inventory:

Hand Weapons
 a - a +0 hand axe (weapon)
Missiles
 e - 31 poisoned darts (quivered)
Wands
 f - a wand of digging (3)
Scrolls
 b - a scroll of fog
 c - a scroll of magic mapping
 h - 2 scrolls of amnesia
 i - a scroll of acquirement {unknown}
 m - a scroll of teleportation
 n - a scroll of summoning {unknown}
 o - a scroll of noise {unknown}
 q - 2 scrolls of brand weapon {unknown}
Potions
 d - a potion of degeneration {unknown}
 j - a potion of curing {unknown}
 k - 3 potions of lignification {unknown}
 l - 2 potions of invisibility {unknown}
 p - a potion of haste
 r - a potion of mutation {unknown}
 s - a potion of might {unknown}


   Skills:
 + Level 4.6 Fighting
 + Level 4.0 Axes
 + Level 4.0 Dodging
 + Level 8.3 Stealth


You had 6 spell levels left.
You didn't know any spells.
Your spell library was empty.

Dungeon Overview and Level Annotations

Branches:
Dungeon (6/15)             Temple (1/1) D:5           Sewer (visited)
Ossuary (visited)

Altars:
Ashenzari
Cheibriados
Dithmenos
Elyvilon
Fedhas
Gozag
Hepliaklqana
Kikubaaqudgha
Makhleb
Nemelex Xobeh
Okawaru
Qazlal
Ru
Sif Muna
Wu Jian
Xom
Yredelemnul
Zin

Annotations:
D:5 Blork the orc


Innate Abilities, Weirdness & Mutations

You cannot wear most types of armour.
You are amphibious.
You can wear up to eight rings at the same time.
Your skin changes colour to match your surroundings (Stealth+).
Your rubbery body absorbs attacks. (AC +1, EV +1)
((You are camouflaged when in or above water. (Stealth+)))
You have tentacles for arms and can constrict up to eight enemies at once.


Message History

You now have 55 gold pieces (gained 7).
As you open the door, it creaks loudly!
An ice beast comes into view.
Found a stone staircase leading up.
You close the door.
You start waiting.
An ice beast is nearby!
Okay, then.
Okay, then.
Okay, then.
You hit the ice beast. You squeeze the ice beast.
The ice beast is moderately wounded.
The ice beast hits you. The ice beast freezes you!
You hit the ice beast but do no damage.
The ice beast is moderately wounded.
The ice beast closely misses you.
You closely miss the ice beast. Your squeeze misses the ice beast.
The ice beast is moderately wounded.
The ice beast barely misses you.
You hit the ice beast.
The ice beast is heavily wounded.
The ice beast barely misses you.
You closely miss the ice beast. You squeeze the ice beast.
The ice beast is severely wounded.
The ice beast hits you. The ice beast freezes you.
The ice beast barely misses you.
You closely miss the ice beast.
The ice beast is severely wounded.
The ice beast hits you. The ice beast freezes you!
You hit the ice beast but do no damage.
The ice beast is severely wounded.
The ice beast hits you.
* * * LOW HITPOINT WARNING * * *
The ice beast freezes you!
* * * LOW HITPOINT WARNING * * *
You are confused.
You feel invigorated. The ice beast hits you.
* * * LOW HITPOINT WARNING * * *
The ice beast freezes you.
You die...

##.##~######~## #..###....###
##.##.......# #..........#
**######...######*#********
*,..#..#...###..#.##.,,,,,**
*,...................,*,,,,*
*,...................,+,,,,*
*,..##.....##@Y##...***+*,,*
*,.,*#.....###+#*,,,***,****
****,..##.....##,...,,,*<,,,*
,,,**..........#,..Y..,*,,,,*
,,,**..##......#,...<..#,,,,**
,,,**,,*########,.###..#*,,,,*
,,,,,,,**,,,,,**,.#**..#*,****
,,,,,,,,,,,,,,,,,..,,,..,,,*
,,,**,,,,,,,,,,,,,,,,,,,,,,*


You could see an ice beast.

Vanquished Creatures
  2 kobold brigands
  A scorpion (D:6)
  11 mummies (Ossuary)
  5 adders
  5 river rats
  4 ball pythons (Sewer)
  A giant cockroach (D:6)
  2 jackals (Sewer)
  7 kobolds
  3 quokkas (D:6)
  A frilled lizard (Sewer)
  2 gnoll skeletons (Ossuary)
  2 goblin skeletons (Ossuary)
  2 kobold skeletons (Ossuary)
  2 orc skeletons (Ossuary)
  5 rats
  11 rat skeletons (Ossuary)
66 creatures vanquished.

Vanquished Creatures (others)
  14 plants (Sewer)
14 creatures vanquished.

Grand Total: 80 creatures vanquished

Notes
Turn   | Place    | Note
-------+----------+-------------------------------------------
     0 | D:5      | croobank the Octopode Delver began the quest for the Orb.
     0 | D:5      | Reached XP level 1. HP: 16/16 MP: 1/1
    38 | D:5      | Found a sand-covered staircase.
   108 | D:5      | Noticed an ogre
   135 | Ossuary  | Entered an ossuary
   157 | Ossuary  | Reached XP level 2. HP: 21/21 MP: 2/2
   173 | Ossuary  | Reached XP level 3. HP: 26/26 MP: 3/3
   294 | Ossuary  | Reached skill level 7 in Stealth
   602 | Ossuary  | Reached XP level 4. HP: 31/31 MP: 4/4
   721 | Ossuary  | Reached XP level 5. HP: 37/37 MP: 5/5
   952 | D:5      | Noticed a phantom
   993 | D:5      | Found a staircase to the Ecumenical Temple.
   998 | D:5      | Noticed Blork the orc
  1002 | Temple   | Entered the Ecumenical Temple
  1310 | D:6      | Found a glowing drain.
  1314 | D:6      | Reached XP level 6. HP: 35/43 MP: 6/6
  1419 | D:6      | Reached skill level 8 in Stealth
  1591 | Sewer    | Entered a sewer
  2115 | Sewer    | Reached XP level 7. HP: 23/49 MP: 7/7
  2626 | D:6      | Slain by an ice beast

Illustrated notes

Levels and vault maps discovered:
D:5:      layout_gridville, minmay_temple_entry_drinking_statues,
          nicolae_ossuary_entry_ruins, uniq_blork_the_orc
D:6:      layout_gridville, mainiacjoe_overflow_alcove_3,
          gup_sewer_entry_bubbles
Temple:   nicolae_temple_no_exploring_needed

Skill      XL: |  1  2  3  4  5  6  7 |
---------------+----------------------+-----
Stealth        | 7 8 |  8.3
Axes           | 3 4 |  4.0
Dodging        | 3 4 |  4.0
Fighting       | 4 |  4.6

Action                   |  1- 3 |  4- 6 |  7- 9 || total
-------------------------+-------+-------+-------++-------
Melee: Hand axe          |    25 |   125 |    24 ||   174
       Tentacles         |    12 |    35 |     7 ||    54
       Constrict         |     7 |    44 |     6 ||    57
       Punch             |     2 |     2 |       ||     4
  Use: Scroll            |     2 |     7 |       ||     9
       Potion            |       |     3 |     1 ||     4
 Stab: Sleeping          |     6 |    22 |     1 ||    29
       Distracted        |       |     1 |       ||     1
Armor: Skin              |     1 |     6 |       ||     7
Dodge: Dodged            |    11 |    51 |     7 ||    69
